 Dungeon Sprint DCSS version 0.30-a0-269-gf0224bf7b6 (webtiles) character file.

Game seed: 14267378770540262948

0 fingers the Trooper (level 3, 0/33 HPs)
             Began as a Demonspawn Berserker on Oct 14, 2022.
             Was a Believer of Trog.
             Slain by a scorpion (4 damage)
             ... in the Dungeon (Sprint VI: "Thunderdome").
             The game lasted 00:01:05 (92 turns).

fingers the Trooper (Demonspawn Berserker)            Turns: 92, Time: 00:01:05

Health: 0/33       AC:  3    Str: 19    XL:     3   Next: 96%
Magic:  3/3        EV: 12    Int:  8    God:    Trog [**....]
Gold:   200        SH:  0    Dex: 12    Spells: 2/2 levels left

rFire   . . .      SeeInvis .    a - +0 hand axe
rCold   . . .      Faith    .    (no shield)
rNeg    . . .      Spirit   .    b - +0 animal skin
rPois   .          Reflect  .    (no helmet)
rElec   .          Harm     .    (no cloak)
rCorr   .          Rampage  .    (no gloves)
Will    .....      NoTele   +    (no boots)
Stlth   +.........               (no amulet)
HPRegen 0.25/turn                (no ring)
MPRegen 0.08/turn                (no ring)

@: lethally poisoned (0 -> -7)
A: hooves 1, sharp scales 1
a: Renounce Religion, Berserk, Trog's Hand


You were in the Dungeon.
You worshipped Trog.
Trog was pleased with you.
You visited 1 branch You collected 200 gold pieces.

Inventory:

Hand Weapons
 a - a +0 hand axe (weapon)
Armour
 b - a +0 animal skin (worn)
Wands
 i - a wand of quicksilver (3)
 j - a wand of roots (3)
Scrolls
 h - 4 scrolls of blinking
 k - 3 scrolls of butterflies
Potions
 c - a potion of curing
 d - 4 potions of heal wounds
 e - 4 potions of haste
 f - 2 potions of magic
 g - a potion of berserk rage
 l - a potion of resistance


   Skills:
 + Level 5.6 Fighting
 + Level 5.2 Axes
 + Level 2.7 Armour
 + Level 2.9 Dodging
 + Level 0.2 Evocations


You had 2 spell levels left.
You didn't know any spells.
Your spell library was empty.

Dungeon Overview and Level Annotations

Branches:
Dungeon (1/1)

Altars:
Cheibriados
Fedhas
Gozag
Kikubaaqudgha
Makhleb
Okawaru
Qazlal
Ru
Sif Muna
Trog
Vehumet
Wu Jian
Xom
Yredelemnul
Lugonu

Shops:
D *[??*?:((


Innate Abilities, Weirdness & Mutations

You have large cloven feet.
You are partially covered in razor-sharp scales. (AC +1, Slay +1)


Message History

Aiming: Quicksilver Bolt
Press: ? - help, Q - select action, (/) - cycle Shift-Dir - straight line, f - giant cockroach
Aim: a giant cockroach (wandering, hasn't noticed you, 71% to hit)
The bolt of dispelling energy hits the giant cockroach!!
You kill the giant cockroach!
Trog accepts your kill.
There is a snail-covered altar of Cheibriados here.
You start resting. 50...
You start resting.
A scorpion comes into view.
A scorpion is nearby!
There is an entrance to Waafueg's Magic Scroll Shop here.
You are too injured to fight recklessly!
Aiming: Quicksilver Bolt
Press: ? - help, Q - select action, (/) - cycle Shift-Dir - straight line, f - scorpion
Aim: a scorpion (wandering, hasn't noticed you, 71% to hit)
The bolt of dispelling energy hits the scorpion!
The scorpion is moderately wounded.
You are too injured to fight recklessly!
You are too injured to fight recklessly!
You hit the scorpion but do no damage.
The scorpion is moderately wounded.
The scorpion barely misses you.
You hit the scorpion. You kick the scorpion.
The scorpion is heavily wounded.
The scorpion closely misses you. The scorpion stings you.
You are lethally poisoned!
The scorpion poisons you!
You hit the scorpion. Your kick misses the scorpion.
The scorpion is almost dead.
You feel very sick. The scorpion stings you.
* * * LOW HITPOINT WARNING * * *
You completely miss the scorpion.
The scorpion is almost dead.
* * * LOW HITPOINT WARNING * * *
You feel very sick. The scorpion stings you.
You die...

##### ##⌠⌠⌠## #.....#
##.....## ##∩.....∩##
#∩@......∩#
#_s......_#
#_......._#
#_......._#
###.........###
#⌠...........⌠#
######.8.†.......8.#
##.___......###......
##∩.....s..8.# .8..


You could see a scorpion.

Vanquished Creatures
  A scorpion (D)
  2 worms (D)
  A giant cockroach (D)
4 creatures vanquished.

Notes
Turn   | Place    | Note
-------+----------+-------------------------------------------
     0 | D        | fingers the Demonspawn Berserker began the quest for the
                  | Orb.
     0 | D        | Reached XP level 1. HP: 18/18 MP: 1/1
     2 | D        | Found an iron altar of Okawaru.
     2 | D        | Found a sacrificial altar of Ru.
     4 | D        | Found a shimmering altar of Xom.
     4 | D        | Found a basalt altar of Yredelemnul.
     5 | D        | Found a stormy altar of Qazlal.
     5 | D        | Found Hyisoel's Premium Goods.
     5 | D        | Found Pissy's Weapon Rack.
     5 | D        | Round 1.
     6 | D        | Found an ornate altar of the Wu Jian Council.
     7 | D        | Found Kapahiy's Identification Station.
     8 | D        | Found Ladam's Advanced Armour.
     8 | D        | Found Rameg's Jewellery.
    10 | D        | Found a blossoming altar of Fedhas.
    10 | D        | Found an opulent altar of Gozag.
    10 | D        | Found a bloodstained altar of Trog.
    16 | D        | Found a radiant altar of Vehumet.
    17 | D        | Found an ancient bone altar of Kikubaaqudgha.
    19 | D        | Found a snail-covered altar of Cheibriados.
    20 | D        | Found Waafueg's Magic Scroll Shop.
    22 | D        | Found Quoch's Magic Scroll Shop.
    22 | D        | Found Gothrita's Must-Have Magic.
    23 | D        | Found a corrupted altar of Lugonu.
    23 | D        | Found a burning altar of Makhleb.
    23 | D        | Found a shimmering blue altar of Sif Muna.
    23 | D        | Found Umoogud's Staff Store.
    29 | D        | Noticed a scorpion
    41 | D        | Killed a scorpion
    41 | D        | Reached ** piety under Trog
    42 | D        | Reached skill level 5 in Fighting
    42 | D        | Reached skill level 5 in Axes
    42 | D        | Gained mutation: You are partially covered in razor-sharp
                  | scales. (AC +1, Slay +1) [demonic ancestry]
    42 | D        | Reached XP level 2. HP: 3/27 MP: 2/2
    42 | D        | Gained mutation: You have large cloven feet. [demonic
                  | ancestry]
    42 | D        | Reached XP level 3. HP: 4/33 MP: 3/3
    81 | D        | Noticed a scorpion
    92 | D        | Slain by a scorpion

Illustrated notes

Levels and vault maps discovered:
D:        arena_sprint

Skill      XL: |  1 |
---------------+----+-----
Axes           | 5 |  5.2
Armour         | 2 |  2.7
Dodging        | 2 |  2.9
Fighting       | 5 |  5.6
Evocations     | |  0.2

Action                   || total
-------------------------++-------
Melee: Hand axe          ||    19
       Kick              ||     1
Evoke: Wand              ||     4
Armor: Animal skin       ||     1
Dodge: Dodged            ||    10

Table legend: (Time is in decaauts)
 A = Elapsed time spent in this place.
 B = Non-inter-level travel time spent in this place.
 C = Inter-level travel time spent in this place.
 D = Time resting spent in this place.
 E = Time spent auto-exploring this place.
 F = Levels seen in this place.
 G = Mean time per level.
                   A        B        C        D        E       F      G
               +--------+--------+--------+--------+--------+-----+--------+
         Total |     94 |     94 |      0 |     34 |      0 |   1 |   94.0 |
       Dungeon |     94 |     94 |      0 |     34 |      0 |   1 |   94.0 |
               +--------+--------+--------+--------+--------+-----+--------+

Top non-repeatable levels by time:
       D: 94 daAuts
